 Dungeon Crawl Stone Soup version 0.30-a0-161-gdd60e06945 (webtiles) character file.

Game seed: 1378366639785377768

14296 qw the Cleaver (level 12, -9/76 HPs)
             Began as a Gargoyle Fighter on Sept 27, 2022.
             Was a High Priest of Okawaru.
             Mangled by a purple very ugly thing (15 damage)
             ... on level 1 of the Abyss.
             The game lasted 00:05:03 (13308 turns).

qw the Cleaver (Gargoyle Fighter)                  Turns: 13308, Time: 00:05:03

Health: -9/76      AC: 29    Str: 25    XL:     12   Next: 15%
Magic:  17/17      EV:  9    Int:  9    God:    Okawaru [*****.]
Gold:   291        SH: 13    Dex: 15    Spells: 11/11 levels left

rFire   x x .      SeeInvis .    q - +4 war axe
rCold   + . .      Faith    .    k - +0 kite shield
rNeg    + . .      Spirit   .    e - +0 plate armour
rPois   inf        Reflect  .    m - +2 hat
rElec   +          Harm     .    h - +0 cloak
rCorr   .          Rampage  .    l - +1 pair of gloves
Will    .....                    r - +2 pair of boots {Stlth+}
Stlth   ..........               (no amulet)
HPRegen 0.22/turn                a - +6 ring of dexterity
MPRegen 0.15/turn                b - ring "Rerososs" {+Blink rC+}

@: heroic
A: sickness immunity, AC +8, negative energy resistance 1, electricity
resistance, torment resistance 1, petrification resistance, [deformed body],
[heat vulnerability 2]
a: Renounce Religion, Evoke Blink, Heroism, Finesse, Duel


You were on level 1 of the Abyss.
You worshipped Okawaru.
Okawaru was extremely pleased with you.
You visited 3 branches of the dungeon, and saw 13 of its levels.
You visited the Abyss 1 time.

You collected 811 gold pieces.
You spent 520 gold pieces at shops.


Innate Abilities, Weirdness & Mutations

You are immune to sickness and miasma.
Your stone body is resilient. (AC +8)
You are immune to poison.
You resist negative energy. (rN+)
You are resistant to electric shocks. (rElec)
You are resistant to unholy torment.
You are immune to petrification.
[Armour fits poorly on your strangely shaped body.]
[You are very vulnerable to heat. (rF--)]


   Skills:
 - Level 9.0(14.0) Fighting
 - Level 11.3(16.3) Axes
 - Level 4.1(9.1) Throwing
 - Level 8.0(13.0) Armour
 - Level 2.1(7.1) Dodging
 + Level 8.2(13.2) Shields
 + Level 7.8 Invocations


You had 11 spell levels left.
You didn't know any spells.
Your spell library was empty.

Inventory:

Hand Weapons
 q - a +4 war axe (weapon)
 v - a +2 flail of protection
Armour
 e - a +0 plate armour (worn)
 h - a +0 cloak (worn)
 k - a +0 kite shield (worn)
 l - a +1 pair of gloves (worn)
 m - a +2 hat (worn)
 n - the +0 chain mail "Fuku Tufa" {rN++ Will- SInv}
   (You found it on level 9 of the Dungeon)

   rN:        It greatly protects you from negative energy.
   SInv:      It lets you see invisible.
   Will:      It decreases your willpower.
 r - a +2 pair of boots of stealth (worn)
Jewellery
 a - a +6 ring of dexterity (left hand)
 b - the ring "Rerososs" (right hand) {+Blink rC+}
   (You found it on level 6 of the Dungeon)

   [ring of protection from cold]

   rC:        It protects you from cold.
   +Blink:    It lets you blink.
 u - a ring of resist corrosion
 Y - a ring of willpower
Scrolls
 i - 9 scrolls of identify
Potions
 d - 3 potions of might
 f - a potion of resistance
 g - 2 potions of mutation
 j - 5 potions of curing
 o - 3 potions of cancellation
 p - a potion of lignification
 t - 2 potions of haste
 w - 2 potions of magic
 x - a potion of attraction

Dungeon Overview and Level Annotations

Branches:
Dungeon (10/15)            Temple (1/1) D:5            Lair (2/5) D:10
 Shoals (0/4) Lair:2
  Snake: Lair:2-3    Spider: Lair:2-3       Orc: D:9-12

Altars:
Ashenzari
Cheibriados
Dithmenos
Elyvilon
Fedhas
Gozag
Hepliaklqana
Kikubaaqudgha
Makhleb
Nemelex Xobeh
Okawaru
Qazlal
Ru
Sif Muna
Trog
Uskayaw
Vehumet
Wu Jian
Xom
Yredelemnul
Zin
The Shining One

Shops:
D:8 *([:

Annotations:
D:3 2 runed translucent doors, qw's ghost, amateur GrFi
D:9 1 transporter
Lair:1 2 transporters
Lair:2 Sonja


Message History

You hit the smoke demon but do no damage.
The smoke demon is almost dead.
You slash the smoke demon!
You kill the smoke demon!
Okawaru accepts your kill.
You can now enter into single combat with a foe.
Okawaru will now gift you equipment as you gain piety.
A white imp comes into view.
The white imp shouts, "Accept thy failure, thou skyhacking hell-hated bloater!"
A green very ugly thing and a green ugly thing come into view.
The green very ugly thing gurgles horribly!
The green ugly thing gurgles horribly!
You closely miss the white imp. You block the white imp's attack.
A green very ugly thing comes into view.
You slash the white imp!
You kill the white imp!
Okawaru accepts your kill.
The green very ugly thing basks in the mutagenic energy from its kin and changes!
You enter the shallow water.
Moving in this stuff is going to be slow.
The green ugly thing punches you but does no damage.
13305 ||| Stepping ~*~*~tactically~*~*~ (water).
You hit the purple very ugly thing.
The purple very ugly thing is lightly wounded.
You closely miss the green very ugly thing.
The purple very ugly thing barely misses you.
The green very ugly thing bites you!
You slice the purple very ugly thing!!
The purple very ugly thing is moderately wounded.
You closely miss the green very ugly thing.
A quasit comes into view.
The purple very ugly thing tail-slaps you but does no damage.
The quasit gives a chilling moan.
You slice the purple very ugly thing!!
The purple very ugly thing is heavily wounded.
You slash the green very ugly thing!
The green very ugly thing bites you but does no damage.
The purple very ugly thing tail-slaps you!
You die...

... . . #.......#..
..# .# # ...##.....#
#..# #.. ..........#
#.... ..........
....#...#..
........###...#......
##.....#.....#.#....5.
. ... #.#.#..u...... #
......#. .#.@u......
.... #......~u......
...........~.........
.............#.......
....#........#.......
.## #.......###......
##.......# ....#.
#....#... ......
....##.. ....##.


You could see 2 very ugly things, a green ugly thing and a quasit.

Vanquished Creatures
  Gastronok (Lair:2)
  2 boulder beetles (Lair:1)
  2 two-headed ogres (D:10)
  A wretched star (Abyss:1)
  A cyclops (D:10)
  2 centaur zombies (D:10)
  A smoke demon (Abyss:1)
  An unseen horror zombie (D:10)
  A rime drake (Lair:2)
  A troll (D:9)
  A hornet (D:7)
  Sigmund (D:2)
  4 vampires (D:10)
  4 hogs (D:10)
  A wraith (D:10)
  2 wyverns
  Eustachio (D:4)
  6 yaks (D:10)
  3 basilisks (Lair:2)
  5 shadows
  A human (D:10)
  A steam dragon (D:8)
  Menkaure (D:4)
  2 water moccasins (Lair:1)
  2 ice beasts
  An ogre (D:5)
  3 orc warriors
  3 centaurs
  2 phantoms
  A gnoll sergeant (D:10)
  8 bullfrogs
  A kobold brigand (D:9)
  5 scorpions
  A necrophage (D:4)
  4 wights (D:9)
  10 killer bees
  4 howler monkeys
  A quasit (Abyss:1)
  4 orc priests
  3 hounds
  3 jellies
  4 iguanas
  7 orc wizards
  3 howler monkey zombies (D:10)
  8 adders
  11 gnolls
  A shadow imp (D:6)
  A white imp (Abyss:1)
  3 ufetubi
  A dart slug (D:4)
  31 orcs
  5 endoplasms
  3 giant cockroaches
  8 goblins
  7 hobgoblins
  7 quokkas
  9 ball pythons
  3 bats
  2 frilled lizards
  16 kobolds
  8 rats
240 creatures vanquished.

Vanquished Creatures (others)
  7 plants
  3 withered plants (D:10)
10 creatures vanquished.

Grand Total: 250 creatures vanquished

Notes
Turn   | Place    | Note
-------+----------+-------------------------------------------
     0 | D:1      | qw the Gargoyle Fighter began the quest for the Orb.
     0 | D:1      | Reached XP level 1. HP: 14/14 MP: 1/1
     0 | D:1      | 0 ||| qw: Version: 0.2-a-10-g37ed214
     0 | D:1      | 0 ||| qw: Game counter: 655
     0 | D:1      | 0 ||| qw: Always use a shield: true
     0 | D:1      | 0 ||| qw: God list: Okawaru
     0 | D:1      | 0 ||| qw: Allow faded altars: false
     0 | D:1      | 0 ||| qw: Do Orc after D:15 true
     0 | D:1      | 0 ||| qw: Do second Lair branch before Depths: true
     0 | D:1      | 0 ||| qw: Lair rune preference: random
     0 | D:1      | 0 ||| qw: Plans: Normal, Zot:1-4, God:TSO, Crypt, Tomb,
                  | Pan, Slime:5, Hells, Abyss, Orb
     0 | D:1      | 0 ||| PLANNING D:1-11
    76 | D:1      | Reached skill level 2 in Axes
   403 | D:1      | Reached XP level 2. HP: 16/19 MP: 2/2
  1070 | D:1      | 1070 ||| UPGRADING to +2 hat.
  1075 | D:1      | 1075 ||| DROPPING ring of magical power.
  1076 | D:1      | 1076 ||| READING scroll labelled HOD DAUPIWN.
  1077 | D:1      | 1077 ||| READING 2 scrolls labelled BUMIAF GAYV.
  1078 | D:1      | 1078 ||| READING scroll labelled RIPNED YNABEM.
  1079 | D:1      | 1079 ||| READING scroll labelled DIHEGY JEVVAUR.
  1080 | D:1      | 1080 ||| READING 2 scrolls labelled RUCKAF MISS.
  1081 | D:1      | 1081 ||| READING scroll of enchant weapon.
  1081 | D:1      | 1081 ||| ENCHANTING +1 war axe.
  1082 | D:1      | 1082 ||| DRINKING 2 fizzy white potions.
  1083 | D:1      | 1083 ||| DRINKING 2 viscous sapphire potions.
  1084 | D:1      | 1084 ||| DROPPING potion of flight.
  1174 | D:2      | Reached skill level 3 in Axes
  1184 | D:2      | Reached XP level 3. HP: 18/23 MP: 3/3
  1603 | D:2      | 1603 ||| Stepping ~*~*~tactically~*~*~ (stealth).
  1604 | D:2      | 1604 ||| Stepping ~*~*~tactically~*~*~ (stealth).
  1741 | D:2      | 1741 ||| Stepping ~*~*~tactically~*~*~ (stealth).
  1751 | D:2      | Reached XP level 4. HP: 22/28 MP: 4/4
  1961 | D:2      | Reached skill level 4 in Axes
  2001 | D:2      | Noticed Sigmund
  2011 | D:2      | Killed Sigmund
  2012 | D:2      | Reached skill level 5 in Axes
  2012 | D:2      | Reached XP level 5. HP: 25/32 MP: 5/5
  2012 | D:2      | Reached XP level 6. HP: 29/37 MP: 6/6
  2162 | D:2      | 2162 ||| UPGRADING to +0 pair of boots.
  2167 | D:2      | 2167 ||| UPGRADING to ring of willpower.
  2168 | D:2      | 2168 ||| READING scroll labelled VYMNES JUSI.
  2169 | D:2      | 2169 ||| READING scroll labelled XUSUTW ZAQAYNG.
  2172 | D:2      | 2172 ||| READING scroll labelled HIXKOET UROL.
  2173 | D:2      | 2173 ||| DRINKING 2 grey potions.
  2174 | D:2      | 2174 ||| READING 2 scrolls of identify.
  2174 | D:2      | 2174 ||| IDENTIFYING smoky puce potion
  2175 | D:2      | 2175 ||| DROPPING potion of degeneration.
  2287 | D:3      | Found a faded altar of an unknown god.
  2504 | D:3      | Found a runed translucent door.
  2681 | D:3      | Found a stormy altar of Qazlal.
  2742 | D:3      | Found a runed translucent door.
  3080 | D:3      | Noticed qw's ghost (amateur GrFi)
  3173 | D:3      | 3173 ||| DRINKING 2 glowing grey potions.
  3174 | D:3      | 3174 ||| READING 3 scrolls of identify.
  3174 | D:3      | 3174 ||| IDENTIFYING purple potion
  3175 | D:3      | 3175 ||| READING 2 scrolls of identify.
  3175 | D:3      | 3175 ||| IDENTIFYING fuming white potion
  3295 | D:4      | HP: 9/38 [acid (10)]
  3296 | D:4      | 3296 ||| DRINKING potion of heal wounds.
  3335 | D:4      | Noticed Menkaure
  3337 | D:4      | 3337 ||| FLEEEEING.
  3338 | D:4      | 3338 ||| FLEEEEING.
  3339 | D:4      | 3339 ||| FLEEEEING.
  3340 | D:4      | 3340 ||| FLEEEEING.
  3341 | D:4      | 3341 ||| FLEEEEING.
  3344 | D:4      | 3344 ||| Stepping ~*~*~tactically~*~*~ (hiding).
  3345 | D:4      | 3345 ||| Stepping ~*~*~tactically~*~*~ (hiding).
  3347 | D:4      | 3347 ||| Stepping ~*~*~tactically~*~*~ (hiding).
  3349 | D:4      | 3349 ||| Stepping ~*~*~tactically~*~*~ (hiding).
  3350 | D:4      | 3350 ||| Stepping ~*~*~tactically~*~*~ (hiding).
  3351 | D:4      | 3351 ||| Stepping ~*~*~tactically~*~*~ (hiding).
  3361 | D:4      | Killed Menkaure
  3362 | D:4      | Reached XP level 7. HP: 21/43 MP: 7/7
  3381 | D:4      | 3381 ||| FLEEEEING.
  3482 | D:4      | 3482 ||| FLEEEEING.
  3515 | D:4      | 3515 ||| Stepping ~*~*~tactically~*~*~ (stealth).
  3518 | D:4      | 3518 ||| Stepping ~*~*~tactically~*~*~ (stealth).
  3531 | D:4      | 3531 ||| Stepping ~*~*~tactically~*~*~ (stealth).
  3586 | D:4      | Reached skill level 6 in Axes
  3644 | D:4      | 3644 ||| Stepping ~*~*~tactically~*~*~ (stealth).
  3645 | D:4      | 3645 ||| Stepping ~*~*~tactically~*~*~ (stealth).
  3647 | D:4      | 3647 ||| Stepping ~*~*~tactically~*~*~ (stealth).
  3943 | D:4      | 3943 ||| Stepping ~*~*~tactically~*~*~ (stealth).
  3952 | D:4      | Noticed Eustachio
  3997 | D:4      | 3997 ||| FLEEEEING.
  4004 | D:4      | HP: 9/43 [Eustachio/+0 rapier (7)]
  4005 | D:4      | 4005 ||| DRINKING potion of heal wounds.
  4007 | D:4      | Killed Eustachio
  4321 | D:4      | 4321 ||| READING scroll labelled KIGREFEZO.
  4322 | D:4      | 4322 ||| READING scroll labelled BANLIUF TOSYIV.
  4341 | D:5      | Entered Level 5 of the Dungeon
  4350 | D:5      | Found a staircase to the Ecumenical Temple.
  4351 | D:5      | 4351 ||| PLANNING TEMPLE
  4353 | D:5      | 4353 ||| FLEEEEING.
  4363 | D:5      | Reached skill level 7 in Axes
  4429 | D:5      | 4429 ||| FLEEEEING.
  4430 | D:5      | 4430 ||| FLEEEEING.
  4431 | D:5      | 4431 ||| FLEEEEING.
  4433 | D:5      | 4433 ||| STAIRDANCE
  4541 | D:5      | 4541 ||| STAIRDANCE
  4546 | D:5      | HP: 6/43 [ogre/+0 giant spiked club (15)]
  4549 | D:5      | Reached XP level 8. HP: 7/48 MP: 8/8
  4549 | D:5      | 4549 ||| STAIRDANCE
  4810 | Temple   | Entered the Ecumenical Temple
  4924 | Temple   | 4924 ||| PLANNING D:1-11
  4948 | D:5      | 4948 ||| DROPPING +0 whip of electrocution.
  4949 | D:5      | 4949 ||| DROPPING +0 mace.
  5527 | D:5      | Found a sacrificial altar of Ru.
  5527 | D:5      | Found a glowing golden altar of the Shining One.
  5661 | D:5      | 5661 ||| Stepping ~*~*~tactically~*~*~ (hiding).
  5816 | D:5      | 5816 ||| UPGRADING to +0 plate armour.
  5826 | D:5      | 5826 ||| DROPPING +0 scale mail.
  5827 | D:5      | 5827 ||| UPGRADING to +0 cloak.
  5832 | D:5      | 5832 ||| DROPPING amulet of faith.
  5833 | D:5      | 5833 ||| DROPPING amulet of magic regeneration.
  5834 | D:5      | 5834 ||| READING scroll labelled RYTAHILAZ DEIS.
  5835 | D:5      | 5835 ||| READING scroll labelled UDDUOH UP JAMO.
  5836 | D:5      | 5836 ||| DRINKING 2 bubbling golden potions.
  5937 | D:5      | 5937 ||| READING 6 scrolls of identify.
  5937 | D:5      | 5937 ||| IDENTIFYING brown potion
  5938 | D:5      | 5938 ||| DROPPING potion of ambrosia.
  6157 | D:6      | Reached skill level 8 in Axes
  6322 | D:6      | 6322 ||| READING scroll of enchant armour.
  6322 | D:6      | 6322 ||| ENCHANTING +0 pair of boots.
  6356 | D:6      | Identified the ring "Rerososs" {+Blink rC+}
  6437 | D:6      | Reached skill level 6 in Fighting
  6693 | D:6      | Reached XP level 9. HP: 55/55 MP: 9/9
  7140 | D:6      | 7140 ||| UPGRADING to ring "Rerososs" {+Blink rC+}.
  7141 | D:6      | 7141 ||| READING scroll labelled LEALESCH VUETUFAUR.
  7576 | D:7      | Reached skill level 9 in Axes
  7950 | D:7      | Noticed a hornet
  7968 | D:7      | Killed a hornet
  8082 | D:7      | 8082 ||| Stepping ~*~*~tactically~*~*~ (hiding).
  8094 | D:7      | 8094 ||| Stepping ~*~*~tactically~*~*~ (stealth).
  8096 | D:7      | 8096 ||| Stepping ~*~*~tactically~*~*~ (hiding).
  8097 | D:7      | 8097 ||| Stepping ~*~*~tactically~*~*~ (hiding).
  8207 | D:7      | 8207 ||| Stepping ~*~*~tactically~*~*~ (stealth).
  8372 | D:7      | 8372 ||| DROPPING orb of wrath.
  8373 | D:7      | 8373 ||| UPGRADING to +1 pair of gloves.
  8378 | D:7      | 8378 ||| READING 6 scrolls of identify.
  8378 | D:7      | 8378 ||| IDENTIFYING glowing white potion
  8436 | D:8      | 8436 ||| READING scroll of enchant weapon.
  8436 | D:8      | 8436 ||| ENCHANTING +2 war axe.
  8457 | D:8      | Found Qutriun's Antique Armour Emporium.
  8461 | D:8      | 8461 ||| Stepping ~*~*~tactically~*~*~ (hiding).
  8583 | D:8      | 8583 ||| BUYING glowing chain mail (225 gold).
  8583 | D:8      | Bought a glowing chain mail for 225 gold pieces
  8583 | D:8      | 8583 ||| BUYING pair of glowing boots (225 gold).
  8583 | D:8      | Bought a pair of glowing boots for 225 gold pieces
  8589 | D:8      | Found Irreon's General Store.
  8597 | D:8      | 8597 ||| SHOPLISTING 2 scrolls of brand weapon (266 gold,
                  | have 91).
  8597 | D:8      | 8597 ||| BUYING potion of heal wounds (70 gold).
  8597 | D:8      | Bought a potion of heal wounds for 70 gold pieces
  8597 | D:8      | 8597 ||| SHOPLISTING scroll of identify (28 gold, have 21).
  8669 | D:8      | Reached skill level 6 in Armour
  8707 | D:8      | Found a glowing silver altar of Zin.
  8728 | D:8      | 8728 ||| Stepping ~*~*~tactically~*~*~ (stealth).
  8729 | D:8      | 8729 ||| Stepping ~*~*~tactically~*~*~ (stealth).
  8752 | D:8      | 8752 ||| READING scroll of enchant weapon.
  8752 | D:8      | 8752 ||| ENCHANTING +3 war axe.
  8829 | D:8      | Found Otirphon's Book Emporium.
  8853 | D:8      | 8853 ||| Stepping ~*~*~tactically~*~*~ (hiding).
  9014 | D:8      | Found a snail-covered altar of Cheibriados.
  9071 | D:8      | Found Xyux's Weapon Shoppe.
  9264 | D:8      | 9264 ||| Stepping ~*~*~tactically~*~*~ (stealth).
  9271 | D:8      | 9271 ||| Stepping ~*~*~tactically~*~*~ (stealth).
  9292 | D:8      | Found an iron altar of Okawaru.
  9293 | D:8      | 9293 ||| PLANNING OKAWARU WORSHIP
  9296 | D:8      | 9296 ||| DROPPING +2 chain mail of willpower.
  9297 | D:8      | 9297 ||| UPGRADING to +2 pair of boots of stealth.
  9307 | D:8      | 9307 ||| DROPPING +1 pair of boots.
  9308 | D:8      | 9308 ||| READING scroll labelled WACVUE VIUXTEJ.
  9379 | D:8      | Became a worshipper of Warmaster Okawaru
  9380 | D:8      | 9380 ||| PLANNING D:1-11
  9422 | D:9      | Noticed a troll
  9434 | D:9      | Killed a troll
  9783 | D:9      | 9783 ||| Stepping ~*~*~tactically~*~*~ (stealth).
  9794 | D:9      | Reached * piety under Okawaru
  9795 | D:9      | 9795 ||| INVOKING Heroism.
  9796 | D:9      | 9796 ||| INVOKING Heroism.
  9798 | D:9      | Reached skill level 10 in Axes
  9798 | D:9      | Reached XP level 10. HP: 63/63 MP: 7/10
  9807 | D:9      | Reached skill level 1 in Invocations
  9842 | D:9      | Found a shadowy altar of Dithmenos.
  9862 | D:9      | Identified the +0 chain mail "Fuku Tufa" {rN++ Will- SInv}
  9892 | D:9      | Found a transporter.
  9893 | D:9      | 9893 ||| Stepping ~*~*~tactically~*~*~ (stealth).
  9897 | D:9      | 9897 ||| Stepping ~*~*~tactically~*~*~ (hiding).
  9899 | D:9      | 9899 ||| INVOKING Heroism.
  9925 | D:9      | 9925 ||| DROPPING +0 flail.
 10052 | D:9      | 10052 ||| INVOKING Heroism.
 10238 | D:9      | 10238 ||| Stepping ~*~*~tactically~*~*~ (stealth).
 10240 | D:9      | 10240 ||| Stepping ~*~*~tactically~*~*~ (stealth).
 10245 | D:9      | 10245 ||| INVOKING Heroism.
 10247 | D:9      | Reached skill level 3 in Invocations
 10252 | D:9      | Reached skill level 1 in Throwing
 10299 | D:9      | Identified the +1 leather armour of the Special Violins
                  | {rF+ Str+2}
 10443 | D:9      | Found a burning altar of Makhleb.
 10466 | D:9      | 10466 ||| Stepping ~*~*~tactically~*~*~ (stealth).
 10470 | D:9      | 10470 ||| Stepping ~*~*~tactically~*~*~ (stealth).
 10711 | D:9      | 10711 ||| UPGRADING to +6 ring of dexterity.
 10713 | D:9      | 10713 ||| DROPPING ring of flight.
 10723 | D:10     | Entered Level 10 of the Dungeon
 10779 | D:10     | Found a staircase to the Lair.
 10780 | D:10     | 10780 ||| INVOKING Heroism.
 10812 | D:10     | 10812 ||| Stepping ~*~*~tactically~*~*~ (stealth).
 10827 | D:10     | Reached skill level 3 in Throwing
 10884 | D:10     | 10884 ||| Stepping ~*~*~tactically~*~*~ (stealth).
 10887 | D:10     | 10887 ||| Stepping ~*~*~tactically~*~*~ (hiding).
 10892 | D:10     | 10892 ||| Stepping ~*~*~tactically~*~*~ (hiding).
 10904 | D:10     | 10904 ||| INVOKING Heroism.
 10907 | D:10     | 10907 ||| Stepping ~*~*~tactically~*~*~ (hiding).
 10915 | D:10     | 10915 ||| Stepping ~*~*~tactically~*~*~ (hiding).
 10943 | D:10     | Noticed a cyclops
 10944 | D:10     | 10944 ||| FLEEEEING.
 10945 | D:10     | 10945 ||| FLEEEEING.
 10946 | D:10     | 10946 ||| FLEEEEING.
 10962 | D:10     | 10962 ||| INVOKING Heroism.
 10976 | D:10     | 10976 ||| INVOKING Heroism.
 10983 | D:10     | Killed a cyclops
 11001 | D:10     | 11001 ||| Stepping ~*~*~tactically~*~*~ (stealth).
 11011 | D:10     | Reached ** piety under Okawaru
 11150 | D:10     | Noticed a two-headed ogre
 11151 | D:10     | 11151 ||| INVOKING Heroism.
 11156 | D:10     | Killed a two-headed ogre
 11157 | D:10     | Reached XP level 11. HP: 62/69 MP: 11/14
 11253 | D:10     | 11253 ||| Stepping ~*~*~tactically~*~*~ (hiding).
 11321 | D:10     | 11321 ||| Stepping ~*~*~tactically~*~*~ (hiding).
 11328 | D:10     | Reached skill level 11 in Axes
 11384 | D:10     | 11384 ||| Stepping ~*~*~tactically~*~*~ (stealth).
 11387 | D:10     | 11387 ||| INVOKING Heroism.
 11413 | D:10     | Reached *** piety under Okawaru
 11773 | D:10     | Reached **** piety under Okawaru
 11881 | D:10     | 11881 ||| INVOKING Heroism.
 11889 | D:10     | Reached skill level 9 in Fighting
 11989 | D:10     | Noticed a two-headed ogre
 11990 | D:10     | 11990 ||| INVOKING Heroism.
 11997 | D:10     | Killed a two-headed ogre
 12052 | D:10     | 12052 ||| PLANNING LAIR
 12052 | D:10     | 12052 ||| UPGRADING to +0 kite shield.
 12062 | D:10     | 12062 ||| DROPPING +0 buckler.
 12063 | D:10     | 12063 ||| DRINKING 3 green potions.
 12111 | Lair:1   | Entered Level 1 of the Lair of Beasts
 12144 | Lair:1   | Found a transporter.
 12146 | Lair:1   | Found a transporter.
 12155 | Lair:1   | Noticed a boulder beetle
 12156 | Lair:1   | Noticed a boulder beetle
 12322 | Lair:1   | 12322 ||| INVOKING Heroism.
 12336 | Lair:1   | Killed a boulder beetle
 12336 | Lair:1   | Reached ***** piety under Okawaru
 12337 | Lair:1   | Reached skill level 6 in Shields
 12337 | Lair:1   | 12337 ||| INVOKING Finesse.
 12346 | Lair:1   | 12346 ||| INVOKING Heroism.
 12364 | Lair:1   | Killed a boulder beetle
 12364 | Lair:1   | Received a gift from Okawaru
 12365 | Lair:1   | Reached skill level 6 in Invocations
 12461 | Lair:1   | 12461 ||| READING 2 scrolls of teleportation.
 12530 | Lair:2   | Noticed Sonja
 12589 | Lair:2   | 12589 ||| INVOKING Heroism.
 12590 | Lair:2   | HP: 15/71 [Sonja/+1 dagger of distortion (23)]
 12591 | Lair:2   | 12591 ||| READING scroll of teleportation.
 12592 | Lair:2   | 12592 ||| DRINKING 2 potions of heal wounds.
 12779 | Lair:2   | 12779 ||| Stepping ~*~*~tactically~*~*~ (hiding).
 12864 | Lair:2   | 12864 ||| Stepping ~*~*~tactically~*~*~ (hiding).
 12904 | Lair:2   | Noticed Gastronok
 12905 | Lair:2   | 12905 ||| Stepping ~*~*~tactically~*~*~ (hiding).
 12907 | Lair:2   | 12907 ||| INVOKING Heroism.
 12924 | Lair:2   | Killed Gastronok
 12925 | Lair:2   | Reached XP level 12. HP: 52/76 MP: 17/17
 13043 | Lair:2   | Found a staircase to the Shoals.
 13050 | Lair:2   | 13050 ||| Stepping ~*~*~tactically~*~*~ (stealth).
 13051 | Lair:2   | 13051 ||| Stepping ~*~*~tactically~*~*~ (stealth).
 13054 | Lair:2   | 13054 ||| INVOKING Finesse.
 13078 | Lair:2   | 13078 ||| INVOKING Finesse.
 13109 | Lair:2   | 13109 ||| INVOKING Finesse.
 13124 | Lair:2   | 13124 ||| INVOKING Heroism.
 13124 | Abyss:1  | Cast into level 1 of the Abyss (Sonja)
 13125 | Abyss:1  | 13125 ||| READING 10 scrolls of identify.
 13125 | Abyss:1  | 13125 ||| IDENTIFYING coppery potion
 13148 | Abyss:1  | Noticed a wretched star
 13151 | Abyss:1  | 13151 ||| Stepping ~*~*~tactically~*~*~ (hiding).
 13165 | Abyss:1  | Killed a wretched star
 13198 | Abyss:1  | 13198 ||| Stepping ~*~*~tactically~*~*~ (stealth).
 13199 | Abyss:1  | 13199 ||| Stepping ~*~*~tactically~*~*~ (stealth).
 13230 | Abyss:1  | 13230 ||| Stepping ~*~*~tactically~*~*~ (stealth).
 13274 | Abyss:1  | 13274 ||| Stepping ~*~*~tactically~*~*~ (hiding).
 13281 | Abyss:1  | 13281 ||| INVOKING Heroism.
 13291 | Abyss:1  | HP: 14/76 [smoke demon/ball of steam (27)]
 13292 | Abyss:1  | 13292 ||| DRINKING potion of heal wounds.
 13300 | Abyss:1  | Noticed a green very ugly thing
 13301 | Abyss:1  | Noticed a green very ugly thing
 13305 | Abyss:1  | 13305 ||| Stepping ~*~*~tactically~*~*~ (water).
 13306 | Abyss:1  | HP: 5/76 [green very ugly thing (7)]
 13308 | Abyss:1  | Mangled by a purple very ugly thing

Levels and vault maps discovered:
D:1:      dpeg_arrival_arbitrary_c, layout_loops_ring, serial_bayou,
          serial_bayou_pond_a, serial_bayou_lake_a, serial_bayou_ford_a,
          serial_bayou_lagoon_a, minmay_cut_off
D:2:      kb_forest_paths, layout_loops_ring, uniq_sigmund
D:3:      layout_basic, mainiacjoe_overflow_24_doors, basic_ecumenical_altar,
          ebering_ghost_sewer_f
D:4:      layout_cave_pools, uniq_eustachio, uniq_menkaure
D:5:      layout_loops_cross, gammafunk_temple_overflow_statue, temple_statues
D:6:      layout_basic
D:7:      layout_gridville
D:8:      layout_rooms, zin_academy, okawaru_altar_gauntlet_db,
          kennysheep_mini_moat, serial_shops, nicolae_square_shop,
          nicolae_shop_hallway_plus, nicolae_stop_n_shop_1,
          nicolae_shop_statue_plus, minivault_5
D:9:      layout_cave_pods, lemuel_doored_altar,
          grunt_dithmenos_smoke_and_mirrors, nicolae_diode_basic
D:10:     layout_loops_ring, lair_entry_dummy, serial_undead, serial_undead_f,
          serial_undead_f, serial_undead_f, serial_undead_c, grunt_livestock
Temple:   nicolae_temple_superstar
Lair:1:   gammafunk_boulding_lane, layout_gridlike, grunt_megastairs_4,
          lemuel_fruit_fields, serial_bayou_shore_a
Lair:2:   layout_misc_corridors, elwin_shoals_entry_rocks,
          chequers_serial_rivers_room_b, lemuel_fruit_fields, uniq_gastronok,
          uniq_sonja
Abyss:1:  base:
D:11

Skill      XL: |  1  2  3  4  5  6  7  8  9 10 11 12 |
---------------+-------------------------------------+-----
Axes           | 2 3 5 7 8 10 11 | 11.3
Fighting       | 4 6 7 8 9 |  9.0
Dodging        | 2 |  2.1
Armour         | 5 6 7 8 |  8.0
Shields        | 4 5 7 8 |  8.2
Invocations    | 4 7 |  7.8
Throwing       | 3 4 |  4.1

Action                   |  1- 3 |  4- 6 |  7- 9 | 10-12 || total
-------------------------+-------+-------+-------+-------++-------
Melee: War axe           |   105 |    75 |   339 |   370 ||   889
Throw: Javelin           |       |       |       |    33 ||    33
       Boomerang         |       |       |       |     4 ||     4
Invok: Heroism           |       |       |     1 |    17 ||    18
       Finesse           |       |       |       |     4 ||     4
  Use: Scroll            |     6 |     6 |    11 |     3 ||    26
       Potion            |     2 |     3 |     2 |     3 ||    10
Armor: Scale mail        |    48 |    31 |    85 |       ||   164
       Plate armour      |       |       |   159 |   229 ||   388
Dodge: Dodged            |    44 |    24 |   129 |    86 ||   283
Block: Buckler           |    19 |    11 |    52 |    55 ||   137
       Kite shield       |       |       |       |    87 ||    87

Table legend:
 A = Non-vault XP
 B = Vault XP
 C = Vault XP percentage of total XP
 D = Non-vault monster count
 E = Vault monster count
 F = Vault count percentage of total count
                 A         B        C        D         E       F
            +---------+---------+-------+---------+---------+-------
      Total |   12457 |    7967 |  39.0 |     199 |      41 |  17.1
            +---------+---------+-------+---------+---------+-------
        D:1 |      21 |       5 |  19.2 |      13 |       3 |  18.8
        D:2 |      53 |     266 |  83.4 |      18 |       7 |  28.0
        D:3 |      41 |       0 |   0.0 |      15 |       0 |   0.0
        D:4 |     233 |     374 |  61.6 |      18 |       2 |  10.0
        D:5 |     624 |       0 |   0.0 |      18 |       0 |   0.0
        D:6 |     849 |       0 |   0.0 |      14 |       0 |   0.0
        D:7 |     768 |       0 |   0.0 |      14 |       0 |   0.0
        D:8 |     611 |      24 |   3.8 |      10 |       6 |  37.5
        D:9 |    2166 |       0 |   0.0 |      36 |       0 |   0.0
       D:10 |    4138 |    4036 |  49.4 |      29 |      19 |  39.6
     Lair:1 |     466 |    1770 |  79.2 |       4 |       3 |  42.9
     Lair:2 |    1233 |    1492 |  54.8 |       6 |       1 |  14.3
    Abyss:1 |    1254 |       0 |   0.0 |       4 |       0 |   0.0
            +---------+---------+-------+---------+---------+-------
